 Dungeon Crawl Stone Soup version 0.29.1-2-gbd0b4ee654 (webtiles) character file.

Game seed: 6468995725077939151

56 mester the Magician (level 4, -1/31 HPs)
             Began as a Djinni Air Elementalist on Dec 1, 2022.
             Slain by a hobgoblin (2 damage)
             ... on level 2 of the Dungeon.
             The game lasted 00:13:38 (2806 turns).

mester the Magician (Djinni Air Elementalist)       Turns: 2806, Time: 00:13:40

Health: -1/31      AC:  3    Str:  7    XL:     4   Next: 15%
Gold:   85         EV: 11    Int: 19    God:
                   SH:  0    Dex: 13

rFire   + + .      SeeInvis .   l - +2 dagger (venom)
rCold   x . .      Faith    .   (no shield)
rNeg    . . .      Spirit   .   j - +0 leather armour
rPois   ∞          Reflect  .   (no helmet)
rElec   .          Harm     .   (no cloak)
rCorr   .          Rampage  .   (no gloves)
Will    .....                   (boots unavailable)
Stlth   ++........              (no amulet)
HPRegen 0.10/turn               (no ring)
MPRegen 0.00/turn               (no ring)

@: flying, very slightly contaminated
A: sickness immunity, fire resistance 2, cold vulnerability 1, float, innate
caster, HP casting, extra vitality 1
a: no special abilities


You were on level 2 of the Dungeon.
You visited 1 branch of the dungeon, and saw 2 of its levels.

You collected 85 gold pieces.

Inventory:

Hand Weapons
 b - a +0 club
 h - a +0 club
 k - a +0 long sword
 l - a +2 dagger of venom (weapon)
 m - a +0 trident
 n - a +0 dagger
 q - a +0 short sword
Missiles
 g - 13 stones
 o - 5 boomerangs
Armour
 a - a +0 robe
 c - a +0 robe
 f - a +0 robe
 j - a +0 leather armour (worn)
 p - a +0 robe
Scrolls
 d - a scroll of identify {unknown}
Potions
 e - a potion of attraction {unknown}
 i - a potion of flight {unknown}


   Skills:
 + Level 2.4 Dodging
 + Level 1.7 Stealth
 * Level 3.5 Spellcasting


You couldn't memorise any spells.
You knew the following spells:

 Your Spells              Type           Power      Damage    Failure   Level
a - Shock                 Conj/Air       64%        1d7       4%          1
b - Static Discharge      Conj/Air       16%        3-5/arc   8%          2
c - Swiftness             Air            16%        N/A       16%         3
d - Airstrike             Air            8%         2d(2-18)  45%         4
e - Necrotise             Necr           64%        1d7       4%          1
Your spell library was empty.

Dungeon Overview and Level Annotations

Branches:
Dungeon (2/15)

Altars:
The Shining One


Innate Abilities, Weirdness & Mutations

You are immune to sickness and miasma.
You are immune to poison.
Your flesh is very heat resistant. (rF++)
You are vulnerable to cold. (rC-)
You float through the air rather than walking.
You learn spells naturally, not from books.
Your magical power is your life essence.
You have superior vitality. (+4 MHP)


Message History

Confirm with . or Enter, or press ? or * to list all spells.
Aiming: Shock (safe; 6% risk of failure)
Press: ? - help, Shift-Dir - straight line, f/p - adder
Aim: an adder (53% to hit)
The zap hits the adder.
The adder is heavily wounded.
The adder bites you. x2
Casting: Shock (safe; 6% risk of failure)
Confirm with . or Enter, or press ? or * to list all spells.
Aiming: Shock (safe; 6% risk of failure)
Press: ? - help, Shift-Dir - straight line, f/p - adder
Aim: an adder (heavily wounded, 53% to hit)
The zap misses the adder.
The adder bites you.
Casting: Shock (safe; 6% risk of failure)
Confirm with . or Enter, or press ? or * to list all spells.
Aiming: Shock (safe; 6% risk of failure)
Press: ? - help, Shift-Dir - straight line, f/p - adder
Aim: an adder (heavily wounded, 53% to hit)
You miscast Shock.
Nothing appears to happen.
The adder bites you.
* * * LOW HITPOINT WARNING * * *
Casting: Shock (safe; 6% risk of failure)
Confirm with . or Enter, or press ? or * to list all spells.
The adder is struck by an arc of lightning!
You kill the adder!
You are struck by an arc of lightning.
* * * LOW HITPOINT WARNING * * *
The lightning grounds out.
* * * LOW HITPOINT WARNING * * *
You have reached level 4!
You feel clever.
Casting: Static Discharge (safe; 8% risk of failure)
Confirm with . or Enter, or press ? or * to list all spells.
Aiming: Shock (safe; 4% risk of failure)
Press: ? - help, Shift-Dir - straight line, f - hobgoblin
Aim: a hobgoblin (71% to hit)
The zap hits the hobgoblin.
The hobgoblin is almost dead.
* * * LOW HITPOINT WARNING * * *
The hobgoblin hits you.
You die...

###########.##...#
#######....###
#..........†.# .
#......#####.. #.#
#......# #### #...
#......# .... ....
#......# ####
.###..#######.#######
......?@.............
#.###..†g.#####.#####
#.....# .# ####...# #
##...# #.#..# #.##...
#.# ##. ### #.#
##.###..


You could see a hobgoblin.

Vanquished Creatures
  2 adders (D:2)
  A dart slug (D:1)
  5 bats
  3 endoplasms (D:1)
  3 giant cockroaches (D:1)
  2 goblins (D:2)
  2 hobgoblins
  4 jackals (D:1)
  5 ball pythons
  A frilled lizard (D:2)
  4 kobolds
32 creatures vanquished.

Notes
Turn   | Place    | Note
-------+----------+-------------------------------------------
     0 | D:1      | mester the Djinni Air Elementalist began the quest for the
                  | Orb.
     0 | D:1      | mester set off with the following spells memorised: Shock,
                  | Static Discharge, Swiftness, Airstrike.
     0 | D:1      | Reached XP level 1. HP: 15/15 MP: 0/0
   565 | D:1      | Reached XP level 2. HP: 10/21 MP: 0/0
   976 | D:1      | Found a faded altar of an unknown god.
  1834 | D:1      | Reached skill level 3 in Spellcasting
  1836 | D:1      | Reached XP level 3. HP: 9/25 MP: 0/0
  1836 | D:1      | Learned a level 1 spell: Necrotise
  2673 | D:2      | Found a glowing golden altar of the Shining One.
  2806 | D:2      | Reached XP level 4. HP: 2/31 MP: 0/0
  2806 | D:2      | Slain by a hobgoblin

Illustrated notes

Levels and vault maps discovered:
D:1:      shiori_arrival_maze, layout_basic, hellmonk_ecumenical_altar_zigzags
D:2:      layout_rooms, basic_altar, uniq_natasha

Skill      XL: |  1  2 |
---------------+-------+-----
Spellcasting   | 3 |  3.5
Dodging        | |  2.4
Stealth        | |  1.7

Action                   |  1- 3 |  4- 6 || total
-------------------------+-------+-------++-------
Melee: Club              |     3 |       ||     3
       Dagger            |     6 |       ||     6
 Cast: Shock             |    39 |     1 ||    40
       Static Discharge  |     7 |       ||     7
Armor: Robe              |     7 |       ||     7
       Leather armour    |     3 |       ||     3
Dodge: Dodged            |    12 |       ||    12
